 Dungeon Crawl Stone Soup version 0.19-a0-1792-g28b16ba (webtiles) character file.

80 jerryfan the Gusty (level 4, -6/34 HPs)
             Began as a Draconian Air Elementalist on Oct 4, 2016.
             Mangled by a naga (8 damage)
             ... on level 3 of the Dungeon.
             The game lasted 00:17:31 (2005 turns).

jerryfan the Gusty (Draconian Air Elementalist)     Turns: 2005, Time: 00:17:32

Health: -6/34      AC:  6    Str: 10    XL:     4   Next: 18%
Magic:  1/7        EV: 12    Int: 16    God:
Gold:   125        SH:  0    Dex: 12    Spells: 2 memorised, 5 levels left

rFire  . . .     SeeInvis .     o - +0 dagger
rCold  . . .     Gourm    +     (armour unavailable)
rNeg   . . .     Faith    .     (no shield)
rPois  +         Spirit   .     (helmet restricted)
rElec  .         Dismiss  .     (no cloak)
rCorr  .         Reflect  .     p - +0 pair of gloves
MR     .....     Harm     .     (no boots)
Stlth  ++........               c - amulet of the gourmand
                                (no ring)
                                f - ring of poison resistance

@: no status effects
A: unfitting armour, cold-blooded, AC +5
a: no special abilities


You were on level 3 of the Dungeon.
You were completely stuffed.

You visited 1 branch of the dungeon, and saw 3 of its levels.

You collected 125 gold pieces.

Inventory:

Hand Weapons
 o - a +0 dagger (weapon)
Missiles
 e - 77 stones (quivered)
Armour
 p - a +0 pair of gloves (worn)
Jewellery
 c - an amulet of the gourmand (around neck)
 f - a ring of poison resistance (left hand)
Wands
 l - a wand of polymorph (4/24)
Scrolls
 i - 2 scrolls of teleportation {unknown}
 m - a scroll of remove curse
 n - a scroll of identify
Potions
 g - a potion of curing
 h - a potion of magic {unknown}
 j - a potion of invisibility {unknown}
Books
 a - a book of Air

   Spells                             Type                      Level
   a - Shock                          Conjuration/Air              1
   b - Swiftness                      Charms/Air                   2
   c - Repel Missiles                 Charms/Air                   2
   d - Static Discharge               Conjuration/Air              3
   e - Lightning Bolt                 Conjuration/Air              5
Comestibles
 b - 2 bread rations
 d - 3 chunks of flesh
 k - a beef jerky


   Skills:
 + Level 0.4 Fighting
 * Level 2.4 Dodging
 - Level 1.8 Stealth
 * Level 2.5 Spellcasting
 * Level 1.7 Conjurations
 * Level 3.8 Air Magic


You had 5 spell levels left.
You knew the following spells:

 Your Spells              Type           Power        Failure   Level  Hunger
a - Shock                 Conj/Air       ##..         10%         1    #......
b - Swiftness             Chrm/Air       #.......     14%         2    ##.....


Dungeon Overview and Level Annotations

Branches:
Dungeon (3/15)

Altars:


Innate Abilities, Weirdness & Mutations

Your plain brown scales are hard. (AC +5)
You cannot fit into any form of body armour.
You are cold-blooded and may be slowed by cold attacks.


Message History

This wand has 6 charges left.
The bat closely misses you. The naga spits poison at you.
The splash of poison misses you.
Casting: Shock
Confirm with . or Enter, or press ? or * to list all spells.
You don't know that spell.
Evoke which item? (* to show all) (? for menu, Esc to quit)
Zapping:
l - a wand of polymorph (6/24)
Press: ? - help, Shift-Dir - straight line, f/p - naga
Aim: a naga (catching its breath, chance to defeat MR: 28%)
The naga easily resists.
This wand has 5 charges left.
The bat hits you but does no damage. The naga barely misses you.
The naga misses you.
Evoke which item? (* to show all) (? for menu, Esc to quit)
Zapping:
l - a wand of polymorph (5/24)
Press: ? - help, Shift-Dir - straight line, f/p - naga
Aim: a naga (catching its breath, chance to defeat MR: 28%)
The naga easily resists.
This wand has 4 charges left.
The bat closely misses you. The naga hits you!
You die...

##..........................
##...........###........... .####
#.#########.#.............
.....###..########..............#
. #....................#.......#
#. ##....##≈#...........#.......#
#.###..###≈≈##≈.........÷.......#
#..#...≈≈≈≈#≈≈#....#.....).......
#....##b#≈≈≈≈#≈@..#.#...........
##...#≈≈≈≈≈≈#≈≈N..#...##........
##..≈≈≈≈≈≈≈b≈#)..#...##........
#.o##≈#≈#≈≈##)..#...#.........
###..# ≈≈≈≈≈#.....)....########
#....##≈≈≈#≈#....#......#
#.#....####.......)..##.#
...#.......o........### ..#
.....##.....o#.##.#...# ....


You could see a naga and a bat.

Vanquished Creatures
  3 adders
  A leopard gecko (D:2)
  4 orcs (D:3)
  A giant cockroach (D:2)
  5 hobgoblins
  4 jackals (D:2)
  4 kobolds
  5 bats
  3 frilled lizards
  11 goblins
  5 rats
46 creatures vanquished.

Vanquished Creatures (others)
  A bat (D:3)
1 creature vanquished.

Grand Total: 47 creatures vanquished

Notes
Turn   | Place    | Note
-------+----------+-------------------------------------------
     0 | D:1      | jerryfan the Draconian Air Elementalist began the quest for the Orb.
     0 | D:1      | Reached XP level 1. HP: 14/14 MP: 3/3
   507 | D:1      | Reached XP level 2. HP: 20/20 MP: 3/5
  1202 | D:2      | Reached XP level 3. HP: 26/26 MP: 3/6
  1244 | D:2      | Learned a level 2 spell: Swiftness
  1845 | D:3      | Reached XP level 4. HP: 25/34 MP: 0/7
  1999 | D:3      | Noticed a steam dragon
  1999 | D:3      | an orc wizard changed into a steam dragon
  2001 | D:3      | Noticed a hell hound
  2001 | D:3      | Noticed a black bear
  2001 | D:3      | a hell hound changed into a black bear
  2003 | D:3      | Noticed a naga
  2003 | D:3      | a black bear changed into a naga
  2005 | D:3      | Mangled by a naga

Vault maps used:
D:1:      nagdon_arrival_zigzag_paths
D:3:      first_bread, minivault_4

Skill      XL: |  1  2 |
---------------+-------+-----
Dodging        | 2 |  2.4
Fighting       | |  0.4
Stealth        | |  1.8
Spellcasting   | |  2.5
Conjurations   | |  1.7
Air Magic      | |  3.8

Action                   |  1- 3 |  4- 6 || total
-------------------------+-------+-------++-------
Melee: Dagger            |    78 |     1 ||    79
       Tailslap          |     5 |       ||     5
Throw: Stone             |     1 |       ||     1
 Cast: Shock             |    68 |    10 ||    78
       Swiftness         |       |     1 ||     1
Evoke: Wand              |       |     7 ||     7
  Use: Scroll            |     2 |     1 ||     3
       Potion            |     1 |       ||     1
 Stab: Sleeping          |     1 |       ||     1
  Eat: Chunk             |    18 |       ||    18
Armor: Skin              |    43 |    39 ||    82
Dodge: Dodged            |    89 |    71 ||   160
